 Dungeon Crawl Stone Soup version 0.31-a0-1008-g5b978dac0e (webtiles) character file.

Game seed: 13903817130965329938

529 GenialerGandalf the Chopper (level 7, 0/61 HPs)
             Began as a Hill Orc Fighter on Nov 12, 2023.
             Slain by a gnoll
             ... wielding a +0 spear
             ... led by a gnoll bouda
              (6 damage)
             ... on level 5 of the Dungeon.
             The game lasted 00:07:59 (3886 turns).

GenialerGandalf the Chopper (Hill Orc Fighter)      Turns: 3886, Time: 00:08:00

Health: 0/61       AC:  9    Str: 21    XL:     7   Next: 24%
Magic:  7/7        EV:  9    Int:  8    God:
Gold:   154        SH:  4    Dex: 10    Spells: 6/6 levels left

rFire   . . .        a - +0 war axe
rCold   . . .        c - +0 buckler
rNeg    . . .        b - +0 scale mail
rPois   .            y - +0 helmet
rElec   .            (no cloak)
rCorr   .            l - +0 pair of gloves
SInv    .            (no boots)
Will    .....        (no amulet) Stlth
                     (no ring)
HPRegen 0.30/turn    (no ring)
MPRegen 0.10/turn

%: no passive effects
@: about to teleport, weakened
A: no striking features
a: no special abilities


You were on level 5 of the Dungeon.
You visited 1 branch of the dungeon, and saw 5 of its levels.

You collected 154 gold pieces.

Inventory:

Hand Weapons
 a - a +0 war axe (weapon)
Armour
 b - a +0 scale mail (worn)
 c - a +0 buckler (worn)
 l - a +0 pair of gloves (worn)
 v - a +0 helmet
 y - a +0 helmet (worn)
Wands
 q - a wand of quicksilver (9)
Scrolls
 e - a scroll of teleportation
 f - a scroll of immolation
 k - 2 scrolls of fog {unknown}
 m - a scroll of silence {unknown}
 r - a scroll of noise {unknown}
 s - 2 scrolls of blinking {unknown}
 u - a scroll of acquirement {unknown}
 w - 2 scrolls of fear {unknown}
 x - a scroll of revelation {unknown}
Potions
 d - a potion of might
 g - 4 potions of berserk rage
 h - 2 potions of curing {unknown}
 i - a potion of brilliance {unknown}
 j - a potion of attraction {unknown}
 n - 3 potions of enlightenment {unknown}
 o - a potion of invisibility {unknown}
 p - a potion of lignification {unknown}
 t - a potion of ambrosia {unknown}
 z - a potion of haste {unknown}


   Skills:
 * Level 5.2 Fighting
 * Level 6.8 Axes
 * Level 5.3 Armour
 * Level 4.3 Shields


You had 6 spell levels left.
You didn't know any spells.
Your spell library contained the following spells:

 Spells                   Type           Power      Damage    Failure   Level
 Apportation              Tloc           0%         N/A       80%         1
 Jinxbite                 Hex            0%         N/A       91%         2
 Alistair's Intoxication  Tmut/Pois      0%         N/A       100%        5


Dungeon Overview and Level Annotations

Branches:
Dungeon (5/15)
 Temple: D:4-7

Altars:
Fedhas

Shops:
D:1 ?(   D:4 :


Message History

The gnoll is moderately wounded.
You hit the adder. You barely miss the gnoll bouda.
The gnoll is no longer moving quickly.
The gnoll closely misses you.
The gnoll bouda gazes fiercely through you!
You feel as though you will be weak longer.
The gnoll bouda barely misses you. The adder closely misses you.
The gnoll barely misses you.
You barely miss the gnoll.
The gnoll is moderately wounded.
You hit the adder.
You kill the adder!
You hit the gnoll bouda. The gnoll completely misses you.
The gnoll bouda barely misses you. The gnoll closely misses you.
You block the gnoll's attack.
You barely miss the gnoll.
The gnoll is moderately wounded.
You barely miss the gnoll bouda.
The gnoll is no longer moving quickly.
The gnoll bouda barely misses you. You block the gnoll's attack.
The gnoll closely misses you.
You closely miss the gnoll.
The gnoll is moderately wounded.
You hit the gnoll bouda but do no damage.
The gnoll bouda calls upon its god to heal the gnoll.
The gnoll's wounds heal themselves!
The gnoll hits you with a +0 whip.
* * * LOW HITPOINT WARNING * * *
The gnoll hits you from afar with a +0 spear.
* * * LOW HITPOINT WARNING * * *
The gnoll bouda hits you but does no damage.
Unknown command.
You slash the gnoll!
The gnoll is heavily wounded.
You hit the gnoll bouda. The gnoll hits you with a +0 whip.
* * * LOW HITPOINT WARNING * * *
The gnoll hits you but does no damage.
The gnoll bouda prays to its god.
The gnoll bouda is healed somewhat.
As you read the scroll of teleportation, it crumbles to dust.
You feel strangely unstable. The gnoll hits you but does no damage.
The gnoll hits you from afar with a +0 spear.
You die...

#.........#...#
##...##...'...#
######...#...#
#....#...#
+....#...#
#############..#
.............###
......)......#
.....g.@.....#
......gg?....#
..############


You could see a gnoll bouda and 2 gnolls.

Vanquished Creatures
  An ogre (D:4)
  A phantom (D:5)
  Ijyb (D:3)
  A sleepcap (D:4)
  2 orc wizards
  Robin (D:3)
  6 gnolls (D:5)
  8 adders
  A white imp (D:4)
  2 worms
  2 dart slugs
  11 orcs
  8 ball pythons
  3 bats (D:1)
  7 endoplasms
  4 giant cockroaches
  5 goblins
  9 hobgoblins
  9 jackals
  4 quokkas
  5 frilled lizards
  5 kobolds
  15 rats
111 creatures vanquished.

Notes
Turn   | Place    | Note
-------+----------+-------------------------------------------
     0 | D:1      | GenialerGandalf the Hill Orc Fighter began the quest for
                  | the Orb.
     0 | D:1      | Reached XP level 1. HP: 19/19 MP: 1/1
   213 | D:1      | Reached XP level 2. HP: 27/27 MP: 2/2
   456 | D:1      | Found Rahemp's Magic Scroll Shop.
   528 | D:1      | Reached skill level 3 in Axes
   593 | D:1      | Reached XP level 3. HP: 33/33 MP: 3/3
   851 | D:1      | Found Pucos's Weapon Boutique.
  1024 | D:2      | Identified the +0 ring mail of Supip {Dex+2 Slay+2}
  1133 | D:2      | Reached XP level 4. HP: 36/40 MP: 4/4
  1361 | D:2      | Reached skill level 4 in Axes
  1755 | D:3      | Reached XP level 5. HP: 15/47 MP: 5/5
  1911 | D:3      | Found a blossoming altar of Fedhas.
  2238 | D:3      | Noticed Ijyb
  2242 | D:3      | Noticed Robin
  2253 | D:3      | Killed Ijyb
  2254 | D:3      | Reached skill level 5 in Axes
  2420 | D:3      | Killed Robin
  2667 | D:4      | Found Zavuytte's Self-Published Books.
  2768 | D:4      | You fall into a shaft and drop 1 floor!
  2768 | D:5      | Entered Level 5 of the Dungeon
  2796 | D:5      | Reached XP level 6. HP: 39/53 MP: 6/6
  3218 | D:4      | Reached skill level 5 in Fighting
  3218 | D:4      | Reached skill level 6 in Axes
  3254 | D:4      | Reached skill level 5 in Armour
  3811 | D:5      | Reached XP level 7. HP: 60/61 MP: 7/7
  3886 | D:5      | Slain by a gnoll

Illustrated notes

Levels and vault maps discovered:
D:1:      matt_arrival_grand_opening, layout_loops_corners, serial_shops,
          nicolae_shop_tiny_statue_garden, nicolae_shop_behind_doors,
          minmay_rat_gold_closets
D:2:      minmay_angry_zag, layout_rooms, nrook_mini_backslash, st_stairs_10
D:3:      layout_rooms, mainiacjoe_overflow_six_doors_small, nicolae_goblin_pals
D:4:      layout_loops_ring, fountainhead, nicolae_custom_books
D:5:      layout_gridville, serial_shops, nicolae_shop_back_alley_shop,
          corexii_leaking_fountain, mrwooster_statue_mirror

Skill      XL: |  1  2  3  4  5  6 |
---------------+-------------------+-----
Fighting       | 4 5 |  5.2
Axes           | 3 4 5 6 |  6.8
Armour         | 4 5 |  5.3
Shields        | 4 |  4.3

Action                     |  1- 3 |  4- 6 |  7- 9 || total
---------------------------+-------+-------+-------++-------
  Melee: War axe           |   108 |   229 |    20 ||   357
    Use: Scroll            |       |     3 |     1 ||     4
 Armour: Scale mail        |    69 |   228 |    47 ||   344
  Dodge: Dodged            |    42 |   119 |    28 ||   189
  Block: Buckler           |    19 |    47 |    11 ||    77

Table legend: (Time is in decaauts)
 A = Elapsed time spent in this place.
 B = Non-inter-level travel time spent in this place.
 C = Inter-level travel time spent in this place.
 D = Time resting spent in this place.
 E = Time spent auto-exploring this place.
 F = Levels seen in this place.
 G = Mean time per level.
                   A        B        C        D        E       F      G
               +--------+--------+--------+--------+--------+-----+--------+
         Total |   3991 |   3845 |    146 |    331 |   2729 |   5 |  798.2 |
       Dungeon |   3991 |   3845 |    146 |    331 |   2729 |   5 |  798.2 |
               +--------+--------+--------+--------+--------+-----+--------+

Top non-repeatable levels by time:
     D:1: 1026 daAuts
     D:4: 949 daAuts
     D:2: 859 daAuts
     D:3: 848 daAuts
     D:5: 306 daAuts
